 Dungeon Crawl Stone Soup version 0.19.1-1-g22dce08 (webtiles) character file.

48 M4edhros the Grave Robber (level 3, 0/21 HPs)
             Began as an Octopode Necromancer on Jan 2, 2017.
             Slain by Edmund
             ... wielding a +5 flail of protection
              (11 damage)
             ... on level 4 of the Dungeon.
             The game lasted 00:03:04 (552 turns).

M4edhros the Grave Robber (Octopode Necromancer)     Turns: 552, Time: 00:03:04

Health: 0/21       AC:  1    Str:  5 (7)  XL:     3   Next: 72%
Magic:  3/6        EV: 13    Int: 16 (17) God:
Gold:   0          SH:  0    Dex: 12 (13) Spells: 3 memorised, 1 level left

rFire  . . .     SeeInvis .       - Unarmed
rCold  . . .     Gourm    .     (no shield)
rNeg   . . .     Faith    .     (helmet restricted)
rPois  .         Spirit   .     (no amulet)
rElec  .         Reflect  .     (no ring)
rCorr  .         Harm     .     (no ring)
MR     .....                    (no ring)
Stlth  +++.......               (no ring)
                                (no ring)
                                (no ring)
                                (no ring)
                                (no ring)

@: regenerating (expiring)
A: almost no armour, stealthy swim, amphibious, 8 rings, constrict 8, camouflage
1, gelatinous body 1
a: no special abilities


You were on level 4 of the Dungeon.
You were not hungry.

You visited 1 branch of the dungeon, and saw 4 of its levels.

Inventory:

Hand Weapons
 e - a +0 hunting sling
 h - a +0 hunting sling
Missiles
 f - 58 stones (quivered)
Scrolls
 d - a scroll of enchant armour {unknown}
Books
 a - a book of Necromancy

   Spells                             Type                      Level
   a - Pain                           Necromancy                   1
   b - Animate Skeleton               Necromancy                   1
   c - Vampiric Draining              Necromancy                   3
   d - Regeneration                   Charms/Necromancy            3
   e - Animate Dead                   Necromancy                   4
   f - Control Undead                 Necromancy                   4
Comestibles
 b - a bread ration


   Skills:
 - Level 2.0 Dodging
 - Level 2.6 Stealth
 + Level 3.2 Unarmed Combat
 - Level 2.0 Spellcasting
 - Level 4.0 Necromancy


You had one spell level left.
You knew the following spells:

 Your Spells              Type           Power        Failure   Level  Hunger
a - Pain                  Necr           ##..         4%          1    #......
b - Animate Skeleton      Necr           N/A          4%          1    #......
c - Regeneration          Chrm/Necr      #.........   28%         3    ###....


Dungeon Overview and Level Annotations

Branches:
Dungeon (4/15)
 Temple: D:4-7

Altars:

Shops:
D:4 *

Annotations:
D:4 Edmund


Innate Abilities, Weirdness & Mutations

You cannot wear most types of armour.
You are very stealthy in the water. (Stealth+)
You are amphibious.
You can wear up to eight rings at the same time.
You can use your tentacles to constrict eight enemies at once.
Your skin changes colour to match your surroundings (Stealth+).
Your rubbery body absorbs attacks. (AC +1, EV +1)


Message History

The jackal is severely wounded.
You constrict the jackal, but do no damage.
The jackal bites you.
Edmund hits you with a flail of protection!
* * * LOW HITPOINT WARNING * * *
The jackal barely misses you.
You release your grip on the jackal.
Casting: Regeneration
Confirm with . or Enter, or press ? or * to list all spells.
Your skin crawls.
The jackal bites you. The jackal completely misses you.
You closely miss the jackal. You grab the jackal.
The jackal is severely wounded.
You constrict the jackal. The jackal misses you.
The jackal bites you but does no damage.
You tentacle-slap the jackal.
You kill the jackal!
Your skin is crawling a little less now.
Edmund hits you with a flail of protection!
Ouch! That really hurt!
You die...

#.....##.........
#..######.#######
#..# #.# #..# #.#
#.#####..# #.#
#........# #.#
#.#####.## #.# .≈
#####.# #.# ... #
#..@@.# ### §§≈
#.#.###### ≈.§
#........# §§§
###h####.# .Z.
#.. # ... #...
.∩. #.### ..a (..
.h. #.. ≈.≈


You could see Edmund.

Vanquished Creatures
  Terence (D:2)
  3 worms
  A giant cockroach (D:2)
  2 goblins (D:2)
  A hobgoblin (D:2)
  4 jackals
  A kobold (D:1)
13 creatures vanquished.

Notes
Turn   | Place    | Note
-------+----------+-------------------------------------------
     0 | D:1      | M4edhros the Octopode Necromancer began the quest for the Orb.
     0 | D:1      | Reached XP level 1. HP: 11/11 MP: 3/3
    49 | D:2      | Reached skill level 1 in Unarmed Combat
    56 | D:2      | Reached XP level 2. HP: 4/17 MP: 3/5
    87 | D:2      | Noticed Terence
   209 | D:2      | Killed Terence
   209 | D:2      | Reached XP level 3. HP: 3/21 MP: 0/6
   212 | D:2      | Learned a level 1 spell: Animate Skeleton
   217 | D:2      | Learned a level 3 spell: Regeneration
   414 | D:4      | Found Reyxzy's General Store.
   543 | D:4      | Noticed Edmund
   552 | D:4      | Slain by Edmund

Skill      XL: |  1  2 |
---------------+-------+-----
Unarmed Combat | 1 3 |  3.2
Dodging        | |  2.0
Stealth        | |  2.6
Spellcasting   | |  2.0
Necromancy     | |  4.0

Action                   || total
-------------------------++-------
Melee: Unarmed           ||    30
       Constrict         ||     9
       Tentacles         ||     6
 Fire: Hunting sling     ||    44
 Cast: Pain              ||    17
       Regeneration      ||     5
  Use: Potion            ||     2
 Stab: Sleeping          ||     1
Armor: Skin              ||     2
Dodge: Dodged            ||    20
